cohdb
Replays
Latest Replays
All Replays
Popular Replays
Top Player Replays
Match Explorer
How It Works
Community
CoH3 Stats
Reddit
Sign in to upload your games and track your stats! →
Sign in with Steam
Match 39067313
Unlisted
Match 39067313
Overview
Messages
Build Orders
End
Construct Infanterie Kompanie
Selects Luftwaffe Battlegroup
Selects Luftwaffe Pioneer Support
Fallschirmpioneer Squad Paradrop
MG 42 Machine Gun Team
Grenadier Squad
Grenadier Squad
Medical Station
Grenadier Squad
Construct Panzergrenadier Kompanie
Pak 40 Anti-tank Gun Team
Panzergrenadier Squad
Selects LG40 Recoilless Gun Paradrop
Construct Panzer Kompanie
Selects Infantry Reserves
Panzer IV Medium Tank
Grenadier Squad
Pioneer Squad
Selects Stuka Strafing Run
Selects Fallschirmjäger Squad Paradrop
Selects Fragmentation Bombs
Panzer IV Medium Tank
Panzer IV Medium Tank
JimmyS
sword_crusher
0
0
Comments
sign in to comment!
No comments posted yet!